 Dungeon Crawl Stone Soup version 0.25-a0-510-ge065f6de7d (webtiles) character file.

Game seed: 15522175513607955560, levelgen mode: deterministic

23 BeastOfSaturn the Grasshopper (level 2, 0/22 HPs)
             Began as a Demonspawn Warper on Feb 15, 2020.
             Slain by a gnoll
             ... wielding a cursed -3 spear
              (7 damage)
             ... on level 1 of the Dungeon.
             The game lasted 00:04:41 (984 turns).

BeastOfSaturn the Grasshopper (Demonspawn Warper)    Turns: 984, Time: 00:04:41

Health: 0/22       AC:  8    Str: 11    XL:     2   Next: 75%
Magic:  5/5        EV: 10    Int: 14    God:
Gold:   44         SH:  0    Dex: 12    Spells: 3/5 levels left

rFire    . . .     SeeInvis .   s - +1 dagger (venom)
rCold    . . .     Gourm    .   (no shield)
rNeg     . . .     Faith    .   t - +0 ring mail
rPois    .         Spirit   .   (no helmet)
rElec    .         Reflect  .   (no cloak)
rCorr    .         Harm     .   (no gloves)
MR       .....                  (no boots)
Stlth    +.........             (no amulet)
HPRegen  0.07/turn              n - +3 ring of protection
MPRegen  0.09/turn              (no ring)

@: no status effects
A: powered by pain 1
a: no special abilities


You were on level 1 of the Dungeon.
You were not hungry.

You visited 1 branch of the dungeon, and saw 2 of its levels.

You collected 44 gold pieces.

Inventory:

Hand Weapons
 a - a +0 hand axe
 s - a +1 dagger of venom (weapon)
Missiles
 c - 5 boomerangs
 e - 5 boomerangs of dispersal (quivered)
Armour
 h - a +0 chain mail
 t - a +0 ring mail (worn)
Jewellery
 n - a +3 ring of protection (left hand)
Scrolls
 d - 2 scrolls of blinking
 g - a scroll of identify {unknown}
 j - a scroll of fear {unknown}
 l - a scroll of remove curse {unknown}
 o - a scroll of immolation {unknown}
 p - a scroll of enchant armour {unknown}
 q - a scroll of magic mapping {unknown}
Potions
 i - a potion of curing {unknown}
 k - a potion of agility {unknown}
 r - 2 potions of ambrosia {unknown}
Comestibles
 f - 4 rations


   Skills:
 + Level 2.1 Fighting
 * Level 2.4 Axes
 - Level 0.8 Throwing
 * Level 1.3 Armour
 + Level 2.0 Dodging
 - Level 2.0 Spellcasting
 + Level 2.6 Translocations


You had 3 spell levels left.
You knew the following spells:

 Your Spells              Type           Power        Failure   Level  Hunger
a - Blink                 Tloc           N/A          28%         2    ###....

Your spell library contained the following spells:

 Spells                   Type           Power        Failure   Level  Hunger
 Shroud of Golubria       Chrm/Tloc      #.....       43%         2    ###....
 Gell's Gravitas          Tloc           #.........   50%         3    ####...
 Lesser Beckoning         Tloc           #.........   50%         3    ####...
 Teleport Other           Tloc           #.......     50%         3    ####...
 Passage of Golubria      Tloc           N/A          88%         4    #####..


Dungeon Overview and Level Annotations

Branches:
Dungeon (2/15)

Altars:


Innate Abilities, Weirdness & Mutations

You sometimes gain a little power by taking damage.


Message History

There are monsters nearby!
The gnoll hits you but does no damage. The gnoll barely misses you.
There is a stone staircase leading up here.
The gnoll hits you with a cursed -3 spear.
The gnoll barely misses you.
You climb upwards.
There is a stone staircase leading down here.
You barely miss the gnoll. The gnoll hits you but does no damage.
You hit the gnoll but do no damage.
The gnoll is poisoned.
The gnoll barely misses you.
You hit the gnoll.
The gnoll looks as sick as possible!
The gnoll is lightly wounded.
The gnoll hits you with a cursed -3 spear.
You barely miss the gnoll.
The gnoll is moderately wounded.
The gnoll hits you with a cursed -3 spear.
You closely miss the gnoll.
The gnoll is moderately wounded.
The gnoll hits you with a cursed -3 spear!
You die...

.......# ##...##...# #.##
.##.##.# ######...# ##### #..##
.##.##.# #...# #...###.#.##
.......# #...###...........
.##.############.........#.#.....
.##.#####.................#......
....##....................#.>..#(
........#.......g.........#.#..#.
##......#######.@...####.##....#.
.##≈≈#+.# #..........##..#...
.#....#.# #.[...#######..###.
.≈....≈.# #.....# #......
.≈.⌠..≈.# #.....# ####.####
.≈....≈.# #.....#####......#
.#....#.# ##.............#.#
###≈≈#### #......###.#....##
.#§....# ######..........#.##...


You could see a gnoll.

Vanquished Creatures
  A dart slug (D:1)
  A giant cockroach (D:1)
  3 goblins (D:1)
  A hobgoblin (D:1)
  4 bats (D:1)
  2 frilled lizards (D:1)
  3 kobolds (D:1)
  8 rats (D:1)
23 creatures vanquished.

Notes
Turn   | Place    | Note
-------+----------+-------------------------------------------
     0 | D:1      | BeastOfSaturn the Demonspawn Warper began the quest for the
                  | Orb.
     0 | D:1      | Reached XP level 1. HP: 16/16 MP: 3/3
   137 | D:1      | Reached skill level 1 in Armour
   246 | D:1      | Gained mutation: You sometimes gain a little power by
                  | taking damage. [demonic ancestry]
   246 | D:1      | Reached XP level 2. HP: 17/22 MP: 5/5
   576 | D:1      | Learned a level 2 spell: Blink
   984 | D:1      | Slain by a gnoll

Levels and vault maps discovered:
D:1:      dpeg_arrival_rooms_with_view, layout_loops_cross
D:2:      layout_rooms, tgw_trog, first_ration

Skill      XL: |  1  2 |
---------------+-------+-----
Axes           | 2 |  2.4
Armour         | 1 |  1.3
Dodging        | 2 |  2.0
Fighting       | |  2.1
Throwing       | |  0.8
Spellcasting   | |  2.0
Translocations | |  2.6

Action                   || total
-------------------------++-------
Melee: Hand axe          ||    70
       Dagger            ||     6
 Stab: Sleeping          ||     1
Armor: Leather armour    ||    23
       Ring mail         ||     2
Dodge: Dodged            ||    59

Table legend:
 A = Non-vault XP
 B = Vault XP
 C = Vault XP percentage of total XP
 D = Non-vault monster count
 E = Vault monster count
 F = Vault count percentage of total count
                 A         B        C        D         E       F
            +---------+---------+-------+---------+---------+-------
      Total |      31 |       3 |   8.8 |      21 |       2 |   8.7
            +---------+---------+-------+---------+---------+-------
        D:1 |      31 |       3 |   8.8 |      21 |       2 |   8.7
            +---------+---------+-------+---------+---------+-------
